 Dungeon Crawl Stone Soup version 0.31.0-11-ge490571c62 (webtiles) character file.

Game seed: 3508757481347795396

276 Aviak the Firebug (level 6, 32/41 HPs)
             Began as a Demonspawn Fire Elementalist on Jan 26, 2024.
             Quit the game on level 3 of the Dungeon.
             The game lasted 00:04:11 (2439 turns).

Aviak the Firebug (Demonspawn Fire Elementalist)    Turns: 2439, Time: 00:04:11

Health: 32/41      AC:  2    Str:  9    XL:     6   Next: 4%
Magic:  5/10       EV: 13    Int: 17    God:
Gold:   99         SH:  4    Dex: 13    Spells: 8/11 levels left

rFire   . . .        w - +2 hand axe (flame)
rCold   . . .        (no shield)
rNeg    + . .        a - +0 robe
rPois   .            (no helmet)
rElec   .            (no cloak)
rCorr   .            (no gloves)
SInv    .            (no boots)
Will    .....        (no amulet)
Stlth   ++           f - ring of positive energy
HPRegen 0.26/turn    (no ring)
MPRegen 0.12/turn

%: no passive effects
@: no status effects
A: demonic guardian 1, sanguine armour 1, condensation shield
a: no special abilities


You were on level 3 of the Dungeon.
You visited 1 branch of the dungeon, and saw 3 of its levels.

You collected 99 gold pieces.

Inventory:

Hand Weapons
 i - a +0 long sword
 l - a +0 short sword
 w - a +2 hand axe of flaming (weapon)
Armour
 a - a +0 robe (worn)
Jewellery
 f - a ring of positive energy (left hand)
 s - a +4 ring of slaying
Scrolls
 d - a scroll of fear {unknown}
 j - a scroll of identify {unknown}
 k - a scroll of blinking {unknown}
 o - a scroll of enchant armour {unknown}
 p - a scroll of acquirement {unknown}
 t - a scroll of teleportation {unknown}
 u - a scroll of torment {unknown}
 v - a scroll of revelation {unknown}
Potions
 b - a potion of magic
 c - a potion of mutation {unknown}
 e - 3 potions of curing {unknown}
 g - a potion of might {unknown}
 h - a potion of heal wounds {unknown}
 m - a potion of lignification {unknown}
 n - 2 potions of attraction {unknown}
 q - a potion of berserk rage {unknown}
 r - a potion of degeneration {unknown}


   Skills:
 + Level 3.9 Dodging
 - Level 1.7 Stealth
 - Level 3.1 Spellcasting
 - Level 1.0 Conjurations
 + Level 4.4 Fire Magic


You had 8 spell levels left.
You knew the following spells:

 Your Spells              Type           Power      Damage    Failure   Level
a - Foxfire               Conj/Fire      44%        2x1d6     6%          1
b - Scorch                Fire           34%        2d6       4%          2

Your spell library contained the following spells:

 Spells                   Type           Power      Damage    Failure   Level
 Inner Flame              Hex/Fire       10%        N/A       22%         3
 Volatile Blastmotes      Fire/Tloc      20%        2d11      22%         3
 Flame Wave               Conj/Fire      11%        2d6       50%         4


Dungeon Overview and Level Annotations

Branches:
Dungeon (3/15)

Altars:


Innate Abilities, Weirdness & Mutations

A weak demonic guardian rushes to your aid.
When seriously injured, your blood forms armour. (AC +0)
A meltable shield of frost defends you. (SH +4)


Message History

w - a +2 hand axe of flaming Your +2 hand axe of flaming bursts into flame!
w - a +2 hand axe of flaming (weapon)
HP restored.
An orc wizard comes into view. It is wielding a +0 dagger.
The orc wizard shouts!
You hear a shout!
The orc wizard casts a spell at you. The puff of flame misses you.
You conjure some foxfire!
You miscast Foxfire.
You are very lightly contaminated with residual magic.
Nothing appears to happen.
The foxfire hits the orc wizard.
The orc wizard is moderately wounded.
The foxfire hits the orc wizard but does no damage.
The orc wizard is moderately wounded.
The orc wizard hits you but does no damage.
You closely miss the orc wizard.
The orc wizard is moderately wounded.
The orc wizard gestures at you while chanting.
You are confused.
The orc wizard completely misses you.
You are too confused!
You are too confused!
The orc wizard closely misses you. The orc wizard closely misses you.
Your magical contamination has completely faded away.
The orc wizard barely misses you.
An orc comes into view. It is wielding a +0 club.
The orc shouts!
You hit the orc wizard. You burn the orc wizard.
The orc wizard is severely wounded.
You feel less confused. The orc wizard casts a spell at you.
The magic dart hits you!
You hit the orc wizard. You burn the orc wizard.
You kill the orc wizard!
You have reached level 6!
Your demonic ancestry asserts itself...
You feel the presence of a demonic guardian.
Are you sure you want to abandon this character and quit the game? (Confirm with "yes".)

....................#.#
.#..#.............#.#.# ###
..................#.#.######..
#....#...)........# #.........
..................# ########..
......#...........# #..
..........).......# #..
#####......)....# #..
###....@.#### #.. #......# #..
#......'. ### #......###
#......# ### ####+#o# #^# #..
..# #.# #.. .# #.# #.. #.# #..


You could see an orc.

Vanquished Creatures
  An ogre (D:2)
  Natasha (thrice) (D:2)
  An orc wizard (D:3)
  An adder (D:2)
  4 gnolls
  2 ribbon worms (D:2)
  3 orcs (D:3)
  3 ball pythons
  4 endoplasms
  2 goblins
  5 hobgoblins
  2 kobolds (D:1)
  2 quokkas
  3 bats (D:2)
  2 frilled lizards
  6 rats
44 creatures vanquished.

Vanquished Creatures (collateral kills)
  2 foxfires (D:3)
2 creatures vanquished.

Vanquished Creatures (others)
  107 foxfires
107 creatures vanquished.

Grand Total: 153 creatures vanquished

Notes
Turn   | Place    | Note
-------+----------+-------------------------------------------
     0 | D:1      | Aviak the Demonspawn Fire Elementalist began the quest for
                  | the Orb.
     0 | D:1      | Reached XP level 1. HP: 13/13 MP: 3/3
   190 | D:1      | Gained mutation: A meltable shield of frost defends you.
                  | (SH +4) [demonic ancestry]
   190 | D:1      | Reached XP level 2. HP: 19/19 MP: 0/5
   368 | D:1      | Reached skill level 3 in Fire Magic
  1084 | D:2      | Learned a level 2 spell: Scorch
  1126 | D:2      | Reached XP level 3. HP: 11/24 MP: 0/6
  1206 | D:2      | Noticed Natasha
  1213 | D:2      | Killed Natasha
  1355 | D:2      | Reached XP level 4. HP: 30/30 MP: 4/8
  1542 | D:2      | Noticed Natasha
  1545 | D:2      | Killed Natasha
  1629 | D:2      | Noticed Natasha
  1632 | D:2      | Killed Natasha
  1734 | D:2      | Noticed an ogre
  1738 | D:2      | Killed an ogre
  1739 | D:2      | Reached skill level 4 in Fire Magic
  1739 | D:2      | Gained mutation: When seriously injured, your blood forms
                  | armour. (AC +0) [demonic ancestry]
  1739 | D:2      | Reached XP level 5. HP: 35/35 MP: 0/9
  2061 | D:2      | Found a faded altar of an unknown god.
  2439 | D:3      | Gained mutation: A weak demonic guardian rushes to your
                  | aid. [demonic ancestry]
  2439 | D:3      | Reached XP level 6. HP: 32/41 MP: 5/10
  2439 | D:3      | Quit the game

Illustrated notes

Levels and vault maps discovered:
D:1:      psy_arrival_radial01, layout_basic
D:2:      layout_basic, shapermc_ecumenical_altar_petra,
          kennysheep_pointless_box, uniq_natasha
D:3:      layout_basic, minmay_misc_feat_more_columns, serial_bayou_lagoon_b

Skill      XL: |  1  2  3  4 |
---------------+-------------+-----
Dodging        | 2 3 |  3.9
Fire Magic     | 3 4 |  4.4
Spellcasting   | 3 |  3.1
Stealth        | |  1.7
Conjurations   | |  1.0

Action                     |  1- 3 |  4- 6 || total
---------------------------+-------+-------++-------
  Melee: Unarmed           |    23 |       ||    23
         Short sword       |    27 |    15 ||    42
         Punch             |     3 |       ||     3
         Long sword        |     1 |       ||     1
         Hand axe          |       |     3 ||     3
   Cast: Foxfire           |    33 |    30 ||    63
         Scorch            |     3 |     8 ||    11
   Stab: Sleeping          |     1 |       ||     1
 Armour: Robe              |    26 |    10 ||    36
  Dodge: Dodged            |    26 |    20 ||    46
  Block: Other             |     9 |     4 ||    13
